Map: Echo LE (Void)

Players

Naattt - Winner!

  • Race: Protoss Protoss
  • League: Grandmaster

NattBurnSalt

  • Race: Terran Terran
  • League: Grandmaster

VOD

Have the link to the VOD?

Description

Time

  • Played on: June 14, 2015, 9:53 p.m.
  • Length: 7:25
Show
View Real Time Build Order
Export as new Build Order

Naattt Protoss - Winner!

Build Orders: Mass Adepts 

Get SALT Encoding   

  12  0:08  Pylon  
  12  0:19  Assimilator  
  12  0:29  Gateway  
  12  0:34  Probe (Chrono Boost)  
  14  0:44  Probe (Chrono Boost)  
  14  0:51  Probe  
  15  1:03  Probe (Chrono Boost)  
  16  1:08  Pylon  
  16  1:14  Probe (Chrono Boost)  
  16  1:16  Cybernetics Core  
  17  1:22  Probe  
  18  1:34  Probe  
  19  1:52  Robotics Facility  
  19  1:54  Warp Gate (Chrono Boost)  
  19  1:56  Adept  
  21  2:18  Gateway  
  21  2:20  Gateway  
  21  2:22  Gateway  
  21  2:27  Adept  
  23  2:41  Warp Prism (Chrono Boost)  
  25  3:00  Mothership Core  
  25  3:04  Pylon  
  27  3:20  Pylon  
  27  3:49  Adept x4  
  35  4:00  Assimilator  
  33  4:05  Pylon  
  27  4:36  Adept  
  27  4:37  Adept x3  
  33  4:40  Probe (Chrono Boost)  
  33  4:42  Immortal (Chrono Boost)  
  34  4:49  Probe (Chrono Boost)  
  35  4:57  Probe (Chrono Boost)  
  36  5:05  Probe (Chrono Boost)  
  36  5:06  Sentry  
  39  5:10  Sentry  
  39  5:11  Zealot  
  39  5:13  Warp Prism (Chrono Boost)  
  45  5:28  Pylon  
  45  5:42  Immortal (Chrono Boost)  
  49  5:47  Stalker  
  49  5:48  Stalker  
  53  6:01  Stalker  
  55  6:05  Stalker  
  55  6:27  Observer (Chrono Boost)  
  50  6:47  Stalker x2  
  50  7:07  Stalker x2  
  50  7:13  Stalker  
  52  7:18  Adept  
Show
View Real Time Build Order
Export as new Build Order

NattBurnSalt Terran 

Build Orders: 1/1/1 

Get SALT Encoding   

  12  0:01  SCV  
  13  0:12  Refinery  
  13  0:15  SCV  
  14  0:28  SCV, Supply Depot  
  16  0:50  SCV  
  16  0:51  Barracks  
  16  1:02  SCV  
  17  1:14  SCV  
  18  1:26  SCV  
  19  1:39  Orbital Command  
  19  1:40  Factory, Reaper  
  20  1:48  Supply Depot  
  20  1:51  Refinery  
  20  2:05  SCV  
  21  2:12  Reaper  
  22  2:17  SCV  
  23  2:24  Starport  
  23  2:25  Hellion  
  23  2:29  SCV  
  26  2:32  Supply Depot  
  26  2:41  SCV  
  27  2:48  Hellion, Reaper  
  30  2:53  SCV  
  30  2:56  Supply Depot  
  31  3:04  Viking  
  33  3:06  SCV  
  33  3:09  Hellion  
  36  3:18  SCV, Supply Depot  
  37  3:20  Barracks Reactor  
  36  3:34  Viking  
  36  3:40  Hellion  
  40  4:00  SCV  
  41  4:05  Supply Depot  
  41  4:15  Hellion  
  41  4:16  Hellion, Marine  
  37  4:17  Viking  
  26  4:41  SCV  
  26  4:43  Hellion x2  
  26  4:44  Barracks Tech Lab  
  30  4:49  Starport Tech Lab  
  30  4:53  SCV  
  31  5:03  Concussive Shells  
  31  5:04  Marauder  
  31  5:05  SCV  
  31  5:06  Hellion x2  
  38  5:07  Banshee, Cloaking Field  
  41  5:17  SCV  
  42  5:27  Hellion  
  42  5:28  Hellion  
  46  5:29  Marauder  
  46  5:31  SCV  
  49  5:49  Hellion x2  
  53  5:50  Banshee  
  53  5:51  Marauder  
  53  5:55  SCV  
  59  5:59  Supply Depot  
  59  6:14  Hellion x2  
  63  6:21  Marauder  
  59  6:38  Banshee, Hellion x2  
  53  6:53  Marauder  
  48  6:59  Hellion  
Tags
 
Add a new tag
Caveats
  • Supply blocks, unpowered buildings, or Contaminate may cause inaccurate times.
  • Supply counts are checked every 10 seconds.